Map: Ruins of Seras

Players

Chase

  • Race: Zerg Zerg
  • League: Grandmaster

Seither - Winner!

  • Race: Terran Terran
  • League: Master

VOD

Have the link to the VOD?

Description

Time

  • Played on: Dec. 15, 2015, 6:37 a.m.
  • Length: 9:40
Show
View Real Time Build Order
Export as new Build Order

Chase Zerg 

Build Orders: Pool First, Zergling Baneling 

Get SALT Encoding   

  12  0:01  Drone  
  13  0:08  Drone  
  13  0:12  Extractor  
  13  0:16  Drone  
  14  0:34  Spawning Pool  
  13  0:38  Drone  
  14  0:44  Extractor  
  14  0:45  Drone  
  15  0:56  Overlord  
  15  1:20  Zergling x4  
  15  1:21  Metabolic Boost, Zergling x2  
  18  1:31  Queen  
  20  1:35  Zergling x2  
  21  1:42  Zergling x2  
  22  1:53  Overlord  
  22  2:00  Baneling Nest  
  21  2:10  Zergling x2  
  22  2:19  Zergling x2  
  23  2:26  Zergling x2  
  24  2:36  Zergling x2  
  25  2:41  Zergling x6  
  28  2:53  Zergling x2  
  28  2:56  Baneling x2  
  28  2:57  Baneling x2  
  28  2:58  Baneling x2  
  28  3:00  Baneling x2  
  28  3:01  Zergling x2  
  26  3:31  Zergling x6  
  26  3:33  Baneling x2  
  26  3:34  Baneling x3  
  27  3:37  Zergling x2  
  28  3:44  Zergling x4  
  28  3:47  Baneling  
  26  4:07  Drone x2  
  26  4:08  Drone  
  27  4:15  Evolution Chamber  
  26  4:21  Drone  
  27  4:31  Drone  
  28  4:40  Hatchery  
  27  4:48  Drone x2  
  28  4:58  Drone x2  
  29  5:01  Overlord  
  29  5:13  Zerg Melee Weapons Level 1  
  29  5:20  Drone x3  
  32  5:21  Drone  
  32  5:28  Spore Crawler  
  32  5:32  Drone  
  32  5:34  Drone  
  34  5:45  Overlord x2  
  34  5:55  Roach Warren  
  33  6:04  Drone x2  
  33  6:09  Drone  
  36  6:14  Drone  
  36  6:20  Overlord  
  36  6:25  Drone  
  36  6:32  Spore Crawler  
  32  6:54  Roach  
  32  6:58  Baneling  
  34  7:03  Baneling x3  
  34  7:12  Drone x3  
  34  7:14  Drone  
  38  7:17  Drone  
  38  7:21  Overlord  
  39  7:24  Drone  
  39  7:33  Queen  
  41  7:41  Drone x2  
  43  7:47  Drone  
  44  7:51  Drone x2  
  44  7:54  Drone  
  44  7:56  Drone  
  48  8:02  Lair  
  48  8:06  Drone x2  
  50  8:14  Drone x3  
  50  8:17  Extractor  
  52  8:20  Drone  
  53  8:28  Roach  
  53  8:29  Roach  
  53  8:34  Roach, Extractor  
  59  8:35  Hatchery  
  59  8:36  Roach  
  59  8:38  Roach  
  59  8:40  Drone  
  62  8:44  Overlord  
  62  8:48  Drone  
  63  8:53  Roach  
  65  8:58  Roach  
  65  8:59  Drone  
  65  9:00  Extractor  
  65  9:02  Overlord  
  67  9:04  Overlord  
  67  9:05  Drone  
  67  9:09  Drone  
  65  9:21  Overlord x2  
Show
View Real Time Build Order
Export as new Build Order

Seither Terran - Winner!

Build Orders: Command Center First (CC) 

Get SALT Encoding   

  12  0:00  SCV  
  13  0:13  SCV  
  14  0:17  Supply Depot  
  14  0:25  SCV  
  15  0:39  SCV  
  16  0:51  SCV  
  17  1:03  Command Center  
  17  1:05  SCV  
  17  1:11  Refinery  
  18  1:17  SCV  
  19  1:24  Barracks  
  19  1:30  SCV  
  20  1:42  SCV  
  21  1:54  SCV  
  22  2:10  Marine, Orbital Command  
  22  2:13  Factory  
  23  2:19  Supply Depot, Orbital Command  
  23  2:28  Marine  
  22  2:40  Factory  
  22  2:46  Marine  
  22  2:50  Orbital Command  
  23  2:54  SCV  
  24  2:59  Bunker  
  24  3:02  Orbital Command  
  24  3:04  Marine  
  25  3:06  SCV  
  26  3:19  SCV  
  27  3:22  Marine  
  27  3:24  Hellion  
  25  3:36  SCV x2, Supply Depot  
  25  3:39  Marine  
  28  3:46  Hellion  
  30  3:50  Starport  
  30  3:53  Orbital Command  
  28  3:57  Marine  
  28  4:07  Hellion  
  30  4:11  SCV  
  30  4:13  Refinery  
  30  4:14  Liberator  
  31  4:19  Marine  
  31  4:23  SCV  
  33  4:28  Hellion  
  33  4:30  Supply Depot  
  38  4:32  SCV  
  38  4:38  SCV  
  40  4:45  Barracks Reactor  
  40  4:54  Orbital Command  
  38  5:03  Liberator  
  38  5:06  Hellion  
  40  5:12  SCV  
  41  5:20  Command Center  
  44  5:22  SCV  
  44  5:27  Marine  
  46  5:35  Factory Tech Lab, SCV  
  47  5:36  SCV, Bunker  
  47  5:42  Supply Depot  
  48  5:46  Marine x2  
  50  5:51  SCV  
  50  5:52  SCV  
  52  6:03  SCV  
  52  6:04  SCV, Siege Tank  
  57  6:18  Marine x2  
  57  6:23  SCV x2  
  61  6:28  Supply Depot, Starport Reactor  
  61  6:33  Orbital Command  
  61  6:48  Marine  
  61  6:49  Stimpack  
  61  6:50  Barracks x2  
  61  6:53  SCV  
  61  6:54  SCV  
  64  6:55  Factory Reactor  
  64  6:56  Refinery, Engineering Bay  
  64  6:59  Engineering Bay  
  61  7:03  SCV  
  61  7:06  SCV  
  63  7:09  Medivac  
  63  7:10  Medivac  
  63  7:11  SCV  
  63  7:15  SCV  
  69  7:20  Marine  
  69  7:22  Supply Depot  
  70  7:24  Terran Infantry Weapons Level 1  
  70  7:26  Terran Infantry Armor Level 1  
  70  7:29  SCV x2  
  72  7:30  Refinery  
  72  7:32  SCV  
  73  7:37  Marine  
  73  7:38  Marine  
  73  7:43  Marine  
  76  7:46  SCV  
  76  7:47  SCV  
  76  7:48  Factory Tech Lab  
  78  7:53  Supply Depot  
  78  7:55  Marine x2  
  77  8:01  Barracks  
  77  8:02  SCV, Barracks  
  77  8:03  SCV  
  77  8:05  Marine x2  
  79  8:07  Medivac  
  83  8:14  Marine x3  
  86  8:20  Orbital Command  
  86  8:24  SCV x2  
  86  8:26  Marine x2  
  90  8:30  Armory  
  90  8:31  Siege Tank, Marine  
  94  8:40  Marine x2  
  96  8:41  Medivac x2  
  100  8:51  Supply Depot x2  
  100  8:53  Barracks Reactor  
  100  8:54  Barracks Reactor  
  100  8:56  SCV  
  100  8:57  SCV x2  
  100  9:01  Refinery  
  103  9:07  Marine  
  103  9:08  SCV, Marine x2  
  103  9:09  SCV  
  108  9:10  Supply Depot  
Tags
 
Add a new tag
Caveats
  • Supply blocks, unpowered buildings, or Contaminate may cause inaccurate times.
  • Supply counts are checked every 10 seconds.